PCL
SAN JOSE MISSIONS @ GRESHAM GOLD SOULS
07/04/2026
 
TOP OF THE 1ST
San Jose Missions batting - Pitching for Gresham Gold Souls : LHP Rob Greene
Pitching: LHP Rob Greene
Batting: RHB Andrew Benson 0-0: Ball
1-0: Called Strike
1-1: Called Strike
1-2: Ball
2-2: Strikes out swinging
Batting: RHB Jorge Díaz 0-0: Foul Ball, location: 2F
0-1: Ball
1-1: Ball
2-1: Ground out 5-3 (Groundball, 5)
Batting: RHB Dale Taylor 0-0: Ball
1-0: Foul Ball, location: 2F
1-1: Ball
2-1: Ball
3-1: Called Strike
3-2: Base on Balls
Batting: RHB Irwin Duncan 0-0: SINGLE (Groundball, 5D)
Dale Taylor to second
Batting: RHB Peyton Pennington 0-0: Ball
1-0: Ball
2-0: Fly out, F4 (Popup, 34D)
Top of the 1st over - 0 run(s), 1 hit(s), 0 error(s), 2 left on base; San Jose 0 - Gresham 0
BOTTOM OF THE 1ST
Gresham Gold Souls batting - Pitching for San Jose Missions : LHP Octávio Pérez
Pitching: LHP Octávio Pérez
Batting: RHB Peter Hensley 0-0: Ball
1-0: Ground out 5-3 (Groundball, 56S)
Batting: RHB Claudio Guerra 0-0: Ball
1-0: Called Strike
1-1: Swinging Strike
1-2: Strikes out swinging
Batting: LHB Vicente Bueno 0-0: Ball
1-0: Foul Ball, location: 2F
1-1: Swinging Strike
1-2: Foul Ball, location: 2F
1-2: SOLO HOME RUN (Line Drive, 89XD), Distance : 435 ft
Batting: RHB Lorenzo Morín 0-0: Called Strike
0-1: Foul Ball, location: 2F
0-2: Ball
1-2: Ball
2-2: Ground out 4-3 (Groundball, 4)
Bottom of the 1st over - 1 run(s), 1 hit(s), 0 error(s), 0 left on base; San Jose 0 - Gresham 1
TOP OF THE 2ND
San Jose Missions batting - Pitching for Gresham Gold Souls : LHP Rob Greene
Batting: LHB Mel Jones 0-0: Ball
1-0: Foul Ball, location: 2F
1-1: Swinging Strike
1-2: Foul Ball, location: 2F
1-2: Ball
2-2: Strikes out looking
Batting: RHB Greg Ball 0-0: Swinging Strike
0-1: Foul Ball, location: 2F
0-2: Strikes out swinging
Batting: RHB Kyle Williams 0-0: Called Strike
0-1: Ball
1-1: Fly out, F9 (Flyball, 9S)
Top of the 2nd over - 0 run(s), 0 hit(s), 0 error(s), 0 left on base; San Jose 0 - Gresham 1
BOTTOM OF THE 2ND
Gresham Gold Souls batting - Pitching for San Jose Missions : LHP Octávio Pérez
Batting: SHB Alexandre Chabot 0-0: Called Strike
0-1: Ball
1-1: SINGLE (Groundball, 3D)
Batting: LHB Jeff Doss 0-0: Ball
1-0: SINGLE (Line Drive, 4M)
Alexandre Chabot to second
Batting: SHB Todd Smith 0-0: Ball
1-0: Called Strike
1-1: Ball
2-1: Ball
3-1: Base on Balls
Alexandre Chabot to third
Jeff Doss to second
Batting: RHB Pablo Castillo 0-0: Called Strike
0-1: Called Strike
0-2: Ball
1-2: SINGLE (Line Drive, 6M)
Alexandre Chabot scores
Jeff Doss to third
Todd Smith to second
Batting: RHB Pepe Medrano 0-0: Foul Ball, location: 2F
0-1: Foul Ball, location: 2F
0-2: Foul Ball, location: 2F
0-2: Ball
1-2: Ball
2-2: Ball
3-2: Grounds into double play, U6-3 (Groundball, 6M)
Jeff Doss scores
Todd Smith to third
Batting: RHB Peter Hensley 0-0: Ball
1-0: Ball
2-0: SINGLE (Groundball, 13) (infield hit)
Todd Smith scores
Batting: RHB Claudio Guerra 0-0: Called Strike
0-1: Ball
1-1: Ball
2-1: Ball
3-1: SINGLE (Groundball, 34D)
Peter Hensley to second
Runner from 2nd tries for 3rd, SAFE, throw made to third
Batting: LHB Vicente Bueno 0-0: Ball
1-0: Ball
2-0: Ball
3-0: Base on Balls
Claudio Guerra to second
Batting: RHB Lorenzo Morín 0-0: Swinging Strike
0-1: Foul Ball, location: 2F
0-2: Foul Ball, location: 2F
0-2: Ball
1-2: Ball
2-2: Ball
3-2: Foul Ball, location: 2F
3-2: Base on Balls
Peter Hensley scores
Claudio Guerra to third
Vicente Bueno to second
Batting: SHB Alexandre Chabot 0-0: Ball
1-0: SINGLE (Groundball, 34)
Claudio Guerra scores
Vicente Bueno to third
Lorenzo Morín to second
Runner from 3rd tries for Home, SAFE, no throw or cutoff
Batting: LHB Jeff Doss 0-0: Called Strike
0-1: Foul Ball, location: 2F
0-2: Foul Ball, location: 2F
0-2: SINGLE (Groundball, 56D)
Lorenzo Morín to third
Alexandre Chabot to second
Runner from 3rd tries for Home, SAFE, no throw or cutoff
Batting: SHB Todd Smith 0-0: Ball
1-0: Ground out 4-3 (Groundball, 4)
Bottom of the 2nd over - 7 run(s), 7 hit(s), 0 error(s), 2 left on base; San Jose 0 - Gresham 8
TOP OF THE 3RD
San Jose Missions batting - Pitching for Gresham Gold Souls : LHP Rob Greene
Batting: RHB Dale O'Feennaghty 0-0: Ball
1-0: Called Strike
1-1: Swinging Strike
1-2: Foul Ball, location: 2F
1-2: Foul Ball, location: 2F
1-2: Ball
2-2: Strikes out looking
Batting: RHB Andrew Benson 0-0: Called Strike
0-1: Called Strike
0-2: Strikes out looking
Batting: RHB Jorge Díaz 0-0: Ball
1-0: Called Strike
1-1: Ball
2-1: Ball
3-1: Base on Balls
Batting: RHB Dale Taylor 0-0: Called Strike
0-1: Called Strike
0-2: Foul Ball, location: 2F
0-2: Fly out, F7 (Flyball, 7S)
Top of the 3rd over - 0 run(s), 0 hit(s), 0 error(s), 1 left on base; San Jose 0 - Gresham 8
BOTTOM OF THE 3RD
Gresham Gold Souls batting - Pitching for San Jose Missions : LHP Octávio Pérez
Batting: RHB Pablo Castillo 0-0: Called Strike
0-1: Called Strike
0-2: SINGLE (Groundball, 56D)
Batting: RHB Pepe Medrano 0-0: Called Strike
0-1: Grounds into double play, 5-4-3 (Groundball, 56)
Batting: RHB Peter Hensley 0-0: Called Strike
0-1: Ball
1-1: Ground out 1-3 (Groundball, 13)
Bottom of the 3rd over - 0 run(s), 1 hit(s), 0 error(s), 0 left on base; San Jose 0 - Gresham 8
TOP OF THE 4TH
San Jose Missions batting - Pitching for Gresham Gold Souls : LHP Rob Greene
Batting: RHB Irwin Duncan 0-0: Called Strike
0-1: Ball
1-1: Swinging Strike
1-2: Ball
2-2: Ball
3-2: SINGLE (Line Drive, 4MD)
Batting: RHB Peyton Pennington 0-0: Ball
1-0: Fly out, F8 (Flyball, 78D)
Batting: LHB Mel Jones 0-0: Ball
1-0: 2-RUN HOME RUN (Flyball, 78XD), Distance : 413 ft
Batting: RHB Greg Ball 0-0: Called Strike
0-1: Fly out, F7 (Flyball, 78XD)
Batting: RHB Kyle Williams 0-0: Ball
1-0: Ball
2-0: Ball
3-0: Called Strike
3-1: Called Strike
3-2: SINGLE (Groundball, 5D)
Batting: RHB Dale O'Feennaghty 0-0: Called Strike
0-1: Ball
1-1: Ball
2-1: Foul Ball, location: 2F
2-2: Fly out, F3 (Line Drive, 3)
Top of the 4th over - 2 run(s), 3 hit(s), 0 error(s), 1 left on base; San Jose 2 - Gresham 8
BOTTOM OF THE 4TH
Gresham Gold Souls batting - Pitching for San Jose Missions : LHP Octávio Pérez
Batting: RHB Claudio Guerra 0-0: Ball
1-0: Foul Ball, location: 2F
1-1: Called Strike
1-2: Ball
2-2: Strikes out swinging
Pitching: RHP Larry West
Batting: LHB Vicente Bueno 0-0: Called Strike
0-1: Swinging Strike
0-2: Strikes out swinging
Batting: RHB Lorenzo Morín 0-0: Ball
1-0: Ball
2-0: Called Strike
2-1: Ball
3-1: Foul Ball, location: 2F
3-2: Foul Ball, location: 2F
3-2: Ground out 6-3 (Groundball, 6)
Bottom of the 4th over - 0 run(s), 0 hit(s), 0 error(s), 0 left on base; San Jose 2 - Gresham 8
TOP OF THE 5TH
San Jose Missions batting - Pitching for Gresham Gold Souls : LHP Rob Greene
Batting: RHB Andrew Benson 0-0: Ball
1-0: Ball
2-0: Ball
3-0: Called Strike
3-1: Fly out, F3 (Popup, 3F)
Batting: RHB Jorge Díaz 0-0: Ball
1-0: Swinging Strike
1-1: Swinging Strike
1-2: Strikes out swinging
Batting: RHB Dale Taylor 0-0: Ball
1-0: Fly out, F8 (Flyball, 8LD)
Top of the 5th over - 0 run(s), 0 hit(s), 0 error(s), 0 left on base; San Jose 2 - Gresham 8
BOTTOM OF THE 5TH
Gresham Gold Souls batting - Pitching for San Jose Missions : RHP Larry West
Batting: SHB Alexandre Chabot 0-0: Called Strike
0-1: Ball
1-1: DOUBLE (Line Drive, 3L)
Batting: LHB Jeff Doss 0-0: Ball
1-0: Ball
2-0: Ball
3-0: Base on Balls
Batting: SHB Todd Smith Reached via error on a dropped throw, E6
Alexandre Chabot to third
Jeff Doss to second
Batting: RHB Pablo Castillo 0-0: DOUBLE (Line Drive, 8LM)
Alexandre Chabot scores
Jeff Doss scores
Todd Smith to third
Runner from 3rd tries for Home, SAFE, throw made at trailing runner, SAFE at third!
Batting: RHB Pepe Medrano 0-0: Called Strike
0-1: Hit by Pitch
Batting: RHB Peter Hensley 0-0: Ball
1-0: Called Strike
1-1: Called Strike
1-2: SINGLE (Line Drive, 8LS)
Pablo Castillo scores
Pepe Medrano to second
Batting: RHB Claudio Guerra 0-0: Ball
1-0: Called Strike
1-1: Ball
2-1: Ball
3-1: Base on Balls
Pepe Medrano to third
Peter Hensley to second
Batting: LHB Vicente Bueno 0-0: Foul Ball, location: 2F
0-1: Foul Ball, location: 2F
0-2: Ball
1-2: Ball
2-2: SINGLE (Flyball, 78S)
Pepe Medrano scores
Peter Hensley to third
Claudio Guerra to second
Batting: RHB Lorenzo Morín 0-0: SINGLE (Line Drive, 9LS)
Peter Hensley scores
Claudio Guerra to third
Vicente Bueno to second
Batting: SHB Alexandre Chabot 0-0: Ball
1-0: SINGLE (Line Drive, 7LS)
Claudio Guerra scores
Vicente Bueno to third
Lorenzo Morín to second
Runner from 3rd tries for Home, SAFE, no throw or cutoff
Batting: LHB Jeff Doss 0-0: Called Strike
0-1: SINGLE (Flyball, 7LS)
Lorenzo Morín to third
Alexandre Chabot to second
Batting: SHB Todd Smith 0-0: Ball
1-0: Ball
2-0: Ball
3-0: Called Strike
3-1: Called Strike
3-2: Base on Balls
Lorenzo Morín scores
Alexandre Chabot to third
Jeff Doss to second
Batting: RHB Pablo Castillo 0-0: Ball
1-0: Ball
2-0: SINGLE (Line Drive, 7S)
Alexandre Chabot scores
Jeff Doss to third
Todd Smith to second
Batting: RHB Pepe Medrano 0-0: Ball
1-0: Foul Ball, location: 2F
1-1: Ball
2-1: Fly out, F7 (Flyball, 78M)
Batting: RHB Peter Hensley 0-0: Ball
1-0: Ball
2-0: Ball
3-0: Base on Balls
Jeff Doss scores
Todd Smith to third
Pablo Castillo to second
Batting: RHB Claudio Guerra 0-0: Ball
1-0: Ball
2-0: Ball
3-0: Base on Balls
Todd Smith scores
Pablo Castillo to third
Peter Hensley to second
Pitching: RHP Raúl García
Batting: LHB Vicente Bueno 0-0: SINGLE (Groundball, 34D)
Pablo Castillo scores
Peter Hensley to third
Claudio Guerra to second
Batting: RHB Lorenzo Morín 0-0: Called Strike
0-1: Ball
1-1: Ball
2-1: SINGLE (Flyball, 8LS)
Peter Hensley scores
Claudio Guerra to third
Vicente Bueno to second
Batting: SHB Alexandre Chabot 0-0: Ball
1-0: Swinging Strike
1-1: Swinging Strike
1-2: Foul Ball, location: 2F
1-2: Ball
2-2: Foul Ball, location: 2F
2-2: Strikes out swinging
Batting: LHB Jeff Doss 0-0: Ball
1-0: Ball
2-0: Foul Ball, location: 2F
2-1: Ball
3-1: Base on Balls
Claudio Guerra scores
Vicente Bueno to third
Lorenzo Morín to second
Batting: SHB Todd Smith 0-0: Ball
1-0: Foul Ball, location: 2F
1-1: SINGLE (Line Drive, 7S)
Vicente Bueno scores
Lorenzo Morín to third
Jeff Doss to second
Batting: RHB Pablo Castillo 0-0: Called Strike
0-1: Swinging Strike
0-2: Ball
1-2: Fly out, F7 (Flyball, 7M)
Bottom of the 5th over - 16 run(s), 11 hit(s), 1 error(s), 3 left on base; San Jose 2 - Gresham 24
TOP OF THE 6TH
San Jose Missions batting - Pitching for Gresham Gold Souls : LHP Rob Greene
Batting: RHB Irwin Duncan 0-0: Called Strike
0-1: DOUBLE (Flyball, 89XD)
Batting: RHB Peyton Pennington 0-0: Fly out, F4 (Popup, 3D)
Batting: LHB Mel Jones 0-0: Ball
1-0: Foul Ball, location: 2F
1-1: Foul Ball, location: 2F
1-2: Ball
2-2: SINGLE (Line Drive, 34)
Irwin Duncan to third
Runner from 3rd tries for Home, SAFE, no throw or cutoff
Batting: RHB Greg Ball 0-0: Ball
1-0: Foul Ball, location: 2F
1-1: Swinging Strike
1-2: Strikes out looking
Batting: RHB Kyle Williams 0-0: Ball
1-0: Fly out, F8 (Flyball, 8RM)
Top of the 6th over - 1 run(s), 2 hit(s), 0 error(s), 1 left on base; San Jose 3 - Gresham 24
BOTTOM OF THE 6TH
Gresham Gold Souls batting - Pitching for San Jose Missions : RHP Raúl García
Batting: RHB Pepe Medrano 0-0: Called Strike
0-1: Called Strike
0-2: Hit by Pitch
Batting: RHB Peter Hensley 0-0: Ball
Pepe Medrano is caught stealing 2nd base
1-0: Called Strike
1-1: Ball
2-1: Foul Ball, location: 2F
2-2: Foul Ball, location: 2F
2-2: Ball
3-2: Base on Balls
Batting: RHB Claudio Guerra 0-0: Ball
1-0: SINGLE (Line Drive, 4D)
Peter Hensley to second
Runner from 2nd tries for 3rd, SAFE, throw made to third
Batting: LHB Vicente Bueno 0-0: Ball
1-0: SINGLE (Flyball, 9S)
Peter Hensley scores
Claudio Guerra to second
Batting: RHB Lorenzo Morín 0-0: Called Strike
0-1: Called Strike
0-2: Ball
1-2: Foul Ball, location: 2F
1-2: Strikes out swinging
Batting: SHB Alexandre Chabot 0-0: Ball
1-0: Ball
2-0: Ball
3-0: Called Strike
3-1: Foul Ball, location: 2F
3-2: Base on Balls
Claudio Guerra to third
Vicente Bueno to second
Batting: LHB Jeff Doss 0-0: SINGLE (Groundball, 13) (infield hit)
Claudio Guerra scores
Vicente Bueno to third
Alexandre Chabot to second
Batting: SHB Todd Smith 0-0: Foul Ball, location: 2F
0-1: Ball
1-1: Fly out, F7 (Flyball, 7LMF)
Bottom of the 6th over - 2 run(s), 3 hit(s), 0 error(s), 3 left on base; San Jose 3 - Gresham 26
TOP OF THE 7TH
San Jose Missions batting - Pitching for Gresham Gold Souls : LHP Rob Greene
Pitching: RHP Arturo Martínez
Batting: RHB Dale O'Feennaghty 0-0: Fly out, F9 (Flyball, 9LM)
Batting: RHB Andrew Benson 0-0: Ball
1-0: Fly out, F6 (Popup, 6D)
Batting: RHB Jorge Díaz 0-0: Foul Ball, location: 2F
0-1: SINGLE (Line Drive, 6D)
Batting: RHB Dale Taylor 0-0: Called Strike
0-1: Ball
1-1: Foul Ball, location: 2F
1-2: Strikes out looking
Top of the 7th over - 0 run(s), 1 hit(s), 0 error(s), 1 left on base; San Jose 3 - Gresham 26
BOTTOM OF THE 7TH
Gresham Gold Souls batting - Pitching for San Jose Missions : RHP Raúl García
Batting: RHB Pablo Castillo 0-0: Swinging Strike
0-1: Ball
1-1: Ground out 6-3 (Groundball, 6)
Batting: RHB Pepe Medrano 0-0: Ball
1-0: Ball
2-0: Called Strike
2-1: Fly out, F6 (Line Drive, 6M)
Batting: RHB Peter Hensley 0-0: Called Strike
0-1: SINGLE (Line Drive, 89M)
Batting: RHB Claudio Guerra 0-0: Called Strike
0-1: Ball
1-1: Ball
2-1: Foul Ball, location: 2F
2-2: Ball
Wild Pitch!
Peter Hensley to second
3-2: Foul Ball, location: 2F
3-2: Fly out, F6 (Line Drive, 6M)
Bottom of the 7th over - 0 run(s), 1 hit(s), 0 error(s), 1 left on base; San Jose 3 - Gresham 26
TOP OF THE 8TH
San Jose Missions batting - Pitching for Gresham Gold Souls : RHP Arturo Martínez
Now at C: Luke McIndoe
Now at 2B: Jim Edgar
Batting: RHB Irwin Duncan 0-0: Ball
1-0: Ball
2-0: Called Strike
2-1: Fly out, F3 (Popup, 13)
Batting: RHB Peyton Pennington 0-0: Foul Ball, location: 2F
0-1: Ball
1-1: Called Strike
1-2: Strikes out looking
Batting: LHB Mel Jones 0-0: Called Strike
0-1: Ball
1-1: Ground out 4-3 (Groundball, 4)
Top of the 8th over - 0 run(s), 0 hit(s), 0 error(s), 0 left on base; San Jose 3 - Gresham 26
BOTTOM OF THE 8TH
Gresham Gold Souls batting - Pitching for San Jose Missions : RHP Raúl García
Batting: LHB Vicente Bueno 0-0: Ball
1-0: Ball
2-0: Ball
3-0: Base on Balls
Batting: RHB Lorenzo Morín 0-0: Called Strike
0-1: Ball
1-1: Swinging Strike
1-2: Foul Ball, location: 2F
1-2: Ball
Wild Pitch!
Vicente Bueno to second
2-2: Ball
3-2: Foul Ball, location: 2F
3-2: SINGLE (Flyball, 8RS)
Vicente Bueno to third
Batting: SHB Alexandre Chabot 0-0: Called Strike
0-1: Foul Ball, location: 2F
0-2: Foul Ball, location: 2F
0-2: Ball
1-2: Foul Ball, location: 2F
1-2: Strikes out swinging
Batting: LHB Jeff Doss 0-0: Ball
1-0: Ground out 3-1 (Groundball, 34)
Vicente Bueno scores
Lorenzo Morín to second
Batting: SHB Todd Smith 0-0: Ball
1-0: Swinging Strike
1-1: Ball
2-1: Called Strike
2-2: Ball
3-2: Base on Balls
Batting: RHB Pablo Castillo 0-0: Ball
1-0: Ball
2-0: Ball
3-0: Base on Balls
Lorenzo Morín to third
Todd Smith to second
Batting: RHB Jim Edgar 0-0: SINGLE (Groundball, 5D)
Lorenzo Morín scores
Todd Smith to third
Pablo Castillo to second
Runner from 3rd tries for Home, SAFE, no throw or cutoff
Batting: RHB Peter Hensley 0-0: Called Strike
0-1: Called Strike
0-2: Ball
1-2: Ball
2-2: Foul Ball, location: 2F
2-2: SINGLE (Line Drive, 7S)
Pablo Castillo to third
Jim Edgar to second
Pitching: RHP Jorge Comacho
Batting: RHB Luke McIndoe 0-0: Called Strike
0-1: Ball
1-1: Ball
2-1: Foul Ball, location: 2F
2-2: Strikes out looking
Bottom of the 8th over - 3 run(s), 3 hit(s), 0 error(s), 3 left on base; San Jose 3 - Gresham 29
TOP OF THE 9TH
San Jose Missions batting - Pitching for Gresham Gold Souls : RHP Arturo Martínez
Now at 1B: Sean Carr
Batting: RHB Greg Ball 0-0: Foul Ball, location: 2F
0-1: Ball
1-1: Ball
2-1: Swinging Strike
2-2: Ball
3-2: Base on Balls
Pinch Hitting: RHB Ramón Ruíz 0-0: Foul Ball, location: 2F
0-1: Ball
1-1: Fly out, F9 (Flyball, 9M)
Batting: RHB Dale O'Feennaghty 0-0: Called Strike
0-1: Grounds into double play, 4-6-3 (Groundball, 4)
Top of the 9th over - 0 run(s), 0 hit(s), 0 error(s), 0 left on base; San Jose 3 - Gresham 29
Monday, December 5th, 2016 - OOTP Baseball 17.12 Build 75